Cogmind - Beta 16 @@@ ROGUE MODE // 2025.11.03 @ 07:24:00 Player: shapeshifter Result: Destroyed by H-55 Commando with Gauss Rifle Performance ------------- Evolutions (1) 500 Regions Visited (6) 1200 Robots Destroyed (63) 315 Value Destroyed (1340) 1340 Prototype IDs (31) 620 Alien Tech Used (0) 0 Bonus (655) 655 TOTAL SCORE: 4630 Bonus ------- Follower Combat Kills 389 Aligned with FarCom 300 Friendly Fire -34 Cogmind --------- Core Integrity 0/400 Matter 300/300 Energy 100/100 System Corruption 0% Temperature Cool (0) Movement Walking (120) Location -8/Mines Parts ------- > --- POWER (1) -------- (None) > --- PROPULSION (2) --- Light Treads Advanced Myomer Leg > --- UTILITY (4) ------ Large Storage Unit Improved Targeting Computer Trap Extractor (0/4) Trap Extractor (0/4) > --- WEAPON (2) ------- Improved Assault Rifle Improved Assault Rifle > --- INVENTORY (15) --- Experimental Heat Sink Experimental Targeting Computer Trap Extractor (0/4) Trap Extractor (0/4) AS-neutralizer No. 17b Chronowheel Improved Assault Rifle Improved Assault Rifle 8R-AWN's Boregun 8R-AWN's Boregun Plasma Cutter Longsword +1 Deploy-a-Sentry Deploy-a-Sentry Deploy-a-Sentry Peak State ------------ > --- POWER ------------ (None) > --- PROPULSION ------- Light Treads Light Treads > --- UTILITY ---------- Large Storage Unit Improved Targeting Computer Hacking Suite AS-neutralizer No. 17b > --- WEAPON ----------- 8R-AWN's Boregun Longsword +1 > --- INVENTORY -------- Light Treads Trap Extractor Trap Extractor Trap Extractor Trap Extractor Chronowheel Heavy Assault Rifle Heavy Assault Rifle Improved Assault Rifle Improved Assault Rifle Improved Assault Rifle Improved Assault Rifle 8R-AWN's Boregun Rocket Launcher Plasma Cutter [Rating: 36] Favorites ----------- Power Improved Ion Engine Engine Improved Ion Engine Propulsion Light Treads Treads Light Treads Leg Advanced Myomer Leg Utility Large Storage Unit Device Trap Extractor Storage Large Storage Unit Processor Improved Targeting Computer Hackware Hacking Suite Protection Medium Armor Plating Weapon Improved Assault Rifle Energy Gun EM Shotgun Ballistic Gun Improved Assault Rifle Launcher Rocket Launcher Slashing Weapon Longsword +1 Build | -11 -10 -10 -9 -9 -9 -8 ------- Run | Yrd Mat Min Mat Min Exi Min Slots Evolved 2 | . . . 2 . . . Power . | . . . . . . . Propulsion . | . . . . . . . Utility 2 | . . . 2 . . . Weapon . | . . . . . . . Parts Attached 46 | 7 5 5 17 . 12 . Power 3 | 1 . 1 1 . . . Engine 3 | 1 . 1 1 . . . Core . | . . . . . . . Reactor . | . . . . . . . Propulsion 11 | 2 . 1 4 . 4 . Treads 10 | 2 . 1 4 . 3 . Leg 1 | . . . . . 1 . Wheel . | . . . . . . . Hover . | . . . . . . . Flight . | . . . . . . . Utility 16 | 2 3 2 6 . 3 . Device 5 | 1 . 1 . . 3 . Storage 3 | 1 1 . 1 . . . Processor 1 | . . . 1 . . . Hackware 1 | . . . 1 . . . Protection 6 | . 2 1 3 . . . Artifact . | . . . . . . . Weapon 16 | 2 2 1 6 . 5 . Energy Gun 6 | 2 2 1 1 . . . Energy Cannon . | . . . . . . . Ballistic Gun 8 | . . . 5 . 3 . Ballistic Cannon . | . . . . . . . Launcher 1 | . . . . . 1 . Special Weapon . | . . . . . . . Impact Weapon . | . . . . . . . Slashing Weapon 1 | . . . . . 1 . Piercing Weapon . | . . . . . . . Special Melee Weapon . | . . . . . . . Unidentified Prototypes 5 | . . 1 1 . 3 . Parts Lost 14 | . . . 8 1 5 . Power 2 | . . . 1 1 . . Propulsion 4 | . . . 2 . 2 . Utility 4 | . . . 2 . 2 . Weapon 4 | . . . 3 . 1 . Highest Loss Streak 3 | . . . 3 1 2 . To Critical Strikes . | . . . . . . . Average Backups 13 | 3 10 15 13 15 13 12 Power . | . 1 1 . . . . Propulsion 1 | . . . 1 3 1 . Utility 5 | . 6 9 6 5 4 5 Weapon 4 | . 2 4 4 6 5 5 Tool/Special . | . . . . . . . Unused Backups 27 | 1 8 1 3 . 8 6 Power 4 | . . . 1 . 3 . Propulsion 2 | . 2 . . . . . Utility 13 | 1 6 1 . . 3 2 Weapon 6 | . . . 2 . 2 2 Tool/Special 2 | . . . . . . 2 Average Slot Usage (%) 91 | . 99 100 99 88 83 88 Engine 5 | . 14 14 10 . . . Treads 22 | . 28 28 22 22 20 11 Device 3 | . 3 . . . 6 22 Storage 11 | . 14 14 11 11 11 11 Processor 8 | . . . 10 11 11 11 Hackware 6 | . . . 10 11 7 . Protection 8 | . 10 14 10 11 4 . Energy Gun 8 | . 27 28 9 . . . Ballistic Gun 11 | . . . 11 22 14 22 Slashing Weapon 2 | . . . . . 5 . Peak Build Rating 36 | 7 12 20 20 20 36 31 Average Rating 18 | 5 10 13 17 19 23 31 On Entrance 14 | . 7 12 14 20 19 31 Avg Prop Armor Cover (%) 13 | . . . . . 14 12 Naked Turns . | . . . . . . . Heaviest Build 40 | 13 36 40 40 33 34 30 Greatest Support 40 | 40 40 40 40 40 40 30 Greatest Overweight (x) 1 | . . . 1 . 1 . Average Overweight (x) . | . . . . . . . Largest Inventory Capacity 15 | 8 15 15 15 15 15 15 Average Capacity 14 | 7 11 15 15 15 15 15 Most Carried 15 | 5 15 15 15 15 15 15 Average Carried 13 | 3 10 14 13 15 14 15 Final Capacity 15 | 8 15 15 15 15 15 15 Final Carried 15 | 4 15 15 15 15 15 15 Class Distribution -------------------- 88% | Mutant 11% | Scavenger-Mutant Dominant Class ---------------- Mutant | -10/Materials Mutant | -10/Mines Scavenger-Mutant | -9/Materials Mutant | -9/Mines Mutant | -9/Exiles Mutant | -8/Mines Resources | -11 -10 -10 -9 -9 -9 -8 ----------- Run | Yrd Mat Min Mat Min Exi Min Matter Collected 1234 | 270 67 50 255 179 407 6 Remotely . | . . . . . . . Salvage Created 2299 | 159 720 68 829 386 137 . Parts 140 | 10 45 8 55 20 2 . Haulers Intercepted 3 | . 1 . 2 . . . Recyclers Shooed 1 | . . . 1 . . . Parts Field Recycled . | . . . . . . . Retrieved Matter . | . . . . . . . Parts Self-Destructed . | . . . . . . . Prevented . | . . . . . . . Parts Restored . | . . . . . . . Kills | -11 -10 -10 -9 -9 -9 -8 ------- Run | Yrd Mat Min Mat Min Exi Min Combat Hostiles Destroyed 49 | . 14 2 15 12 6 . Guns 40 | . 10 2 15 12 1 . AOE 8 | . 3 . . . 5 . Classes Destroyed 14 | 2 7 . 2 3 . . Worker 3 | . 2 . 1 . . . Builder 2 | . 1 . 1 . . . Tunneler 7 | 4 . 1 . 2 . . Hauler 3 | . 1 . 2 . . . Recycler 3 | 1 . . 2 . . . Operator 2 | . 2 . . . . . Watcher 4 | . 3 . 1 . . . Swarmer 10 | . 3 1 6 . . . Grunt 23 | . 11 1 6 5 . . Brawler 1 | . . . 1 . . . Duelist 1 | . . . . 1 . . Sentry 2 | . . . 2 . . . Demolisher 1 | . . . . 1 . . Assembled 10 | . . . . 5 5 . Best Kill Streak 6 | 2 4 1 6 4 5 . Combat Bots Only 5 | . 3 1 5 4 5 . Max Kills in Single Turn 2 | 1 2 1 2 1 2 . Gunslinging 1 | . 1 . . . . . Exploded 2 | . 1 . . . 2 . Melee . | . . . . . . . Uniques/NPCs Destroyed 1 | . . . . . 1 . 8R-AWN (-9/Exiles) Combat | -11 -10 -10 -9 -9 -9 -8 -------- Run | Yrd Mat Min Mat Min Exi Min Hostile Shots Fired 247 | . 35 8 125 42 30 7 Missed 69 | . 10 2 44 8 1 4 Hits 178 | . 25 6 81 34 29 3 Melee 7 | . . . . 7 . . Projectile 171 | . 25 6 81 27 29 3 AOE 4 | . . . . 4 . . Critical Strikes 12 | . . . 4 1 7 . Damage Taken 3008 | 59 396 82 1042 593 789 47 Core 451 | . 44 . 93 109 188 17 Absorbed by Shields . | . . . . . . . Core Remaining (%) 91 | 100 . 82 . . . . Volleys Fired 197 | 16 35 7 82 34 22 1 Largest 2 | 2 2 2 2 2 2 2 Hottest 90 | 80 90 90 90 46 56 46 Shots Fired 374 | 32 70 14 164 68 24 2 Gun 364 | 32 70 14 164 68 14 2 Cannon . | . . . . . . . Launcher 10 | . . . . . 10 . Special . | . . . . . . . Kinetic 214 | . . . 130 68 14 2 Thermal . | . . . . . . . Explosive 10 | . . . . . 10 . Electromagnetic 150 | 32 70 14 34 . . . Robot Hit Streak 24 | 4 7 4 12 24 7 . Robot Miss Streak 4 | 4 4 3 4 4 3 . Penetration Max . | . . . . . . . Secondary Targets 6 | . 3 . 1 2 . . Max Gunslinging Chain 1 | . 1 . 1 1 . . Shots Hit Robots 272 | 17 56 8 116 50 25 . Core Hits 140 | 4 37 4 56 22 17 . Critical Kills . | . . . . . . . Critical Parts Destroyed 2 | . . . 1 1 . . Critical Strikes 6 | . . . 1 1 4 . Destroy 2 | . . . 1 1 . . Sever 4 | . . . . . 4 . Melee Attacks 19 | . . . . . 19 . Impact . | . . . . . . . Slashing 19 | . . . . . 19 . Piercing . | . . . . . . . Sneak Attacks . | . . . . . . . Combat Hostiles . | . . . . . . . Follow-up Attacks . | . . . . . . . Damage Inflicted 4486 | 287 1117 104 1210 730 1038 . Guns 3175 | 221 862 104 1121 730 137 . Cannons . | . . . . . . . Explosions 639 | 66 255 . 89 . 229 . Melee 672 | . . . . . 672 . Ramming . | . . . . . . . Kinetic 1605 | . . . 738 730 137 . Thermal 410 | 66 255 . 89 . . . Explosive 229 | . . . . . 229 . Electromagnetic 1570 | 221 862 104 383 . . . Impact . | . . . . . . . Slashing 672 | . . . . . 672 . Piercing . | . . . . . . . Highest Corruption 1 | . 1 1 . . . . Average Corruption 1 | . 1 1 . . . . Corruption Purged . | . . . . . . . Corruption Blocked . | . . . . . . . Effects 8 | . 7 1 . . . . Message Errors 2 | . 2 . . . . . Matter Fused 2 | . 2 . . . . . Energy Discharges 2 | . 1 1 . . . . Data Loss (minor) 1 | . 1 . . . . . Alerts 1 | . 1 . . . . . Overload Shots . | . . . . . . . Overflow Damage 21 | 21 . . . . . . Projectiles . | . . . . . . . Explosions 21 | 21 . . . . . . Melee . | . . . . . . . Knockbacks . | . . . . . . . Impact . | . . . . . . . Kinetic . | . . . . . . . Secondary . | . . . . . . . Self-Inflicted Damage 257 | 59 100 . 66 . 32 . Shots 9 | 2 4 . 2 . 1 . Rammed . | . . . . . . . Targets Rammed . | . . . . . . . Kicked . | . . . . . . . Crushed . | . . . . . . . Highest Temperature 258 | 72 258 159 248 10 . . Average Temperature 59 | 26 86 54 44 5 . . Received Heat Transfer 704 | . 156 39 333 176 . . Siege Activations . | . . . . . . . Martial Activations . | . . . . . . . Shielding Activations . | . . . . . . . Robots Disrupted . | . . . . . . . Combat Hostiles . | . . . . . . . Robots Corrupted 1 | . 1 . . . . . Combat Hostiles 1 | . 1 . . . . . Parts Fried 4 | 2 1 . 1 . . . Impact Corruptions . | . . . . . . . Robots Melted . | . . . . . . . Combat Hostiles . | . . . . . . . Parts Melted . | . . . . . . . Heat Transferred 500 | 50 350 . 100 . . . Parts Sabotaged . | . . . . . . . Parts Stolen . | . . . . . . . Parts Stripped . | . . . . . . . Power Chain Reactions 8 | 2 4 . 2 . . . Alert | -11 -10 -10 -9 -9 -9 -8 ------- Run | Yrd Mat Min Mat Min Exi Min Maximum Alert Level 1 | . 1 . 1 . . . Low Security (%) 89 | 100 91 100 72 100 . 100 Level 1 10 | . 8 . 27 . . . Level 2 . | . . . . . . . Level 3 . | . . . . . . . Level 4 . | . . . . . . . Level 5 . | . . . . . . . High Security . | . . . . . . . Max Security . | . . . . . . . Peak Influence 388 | 5 223 86 388 196 . 15 Initial 146 | . . 67 11 146 . . Average 74 | 1 73 22 131 69 . . Influence Increases 1699 | 25 467 115 897 180 . 15 Destroy 0b10 Robot/C 1060 | . 280 60 580 140 . . Destroy 0b10 Robot/NC 130 | 25 45 5 45 10 . . Destroy Leader 248 | . 68 10 140 30 . . Allied During Kill 50 | . . 14 36 . . . Successful Hack 37 | . 15 . 22 . . . Select Force Hacks 90 | . 30 . 60 . . . Disable Machine 15 | . . 15 . . . . Destroy Structure 39 | . 14 11 14 . . . Lose Combat Pursuer 30 | . 15 . . . . 15 Influence Decreases 1684 | 25 292 260 551 556 . . Entered New Map 357 | . . 108 19 230 . . Time Decay 1197 | 25 292 152 412 316 . . Lost Part 90 | . . . 80 10 . . Lost Ally 40 | . . . 40 . . . Squads Dispatched 7 | . 3 . 3 1 . . Investigation 4 | . 1 . 2 1 . . Extermination . | . . . . . . . Reinforcement 3 | . 2 . 1 . . . Assault . | . . . . . . . Garrison . | . . . . . . . Intercept . | . . . . . . . Searches Triggered . | . . . . . . . Construction Impeded . | . . . . . . . Haulers Reinforced . | . . . . . . . Active Scanning Responses . | . . . . . . . Cargo Convoy Interrupts . | . . . . . . . Stealth | -11 -10 -10 -9 -9 -9 -8 --------- Run | Yrd Mat Min Mat Min Exi Min Distress Signals 6 | . 2 . 4 . . . Communications Jammed . | . . . . . . . Distress Signals . | . . . . . . . Times Spotted 82 | . 21 5 33 13 8 2 Peak Tracking Total 9 | . 3 2 4 3 9 1 Tactical Retreats 8 | . 1 . . 1 5 1 Traps | -11 -10 -10 -9 -9 -9 -8 ------- Run | Yrd Mat Min Mat Min Exi Min Traps Triggered 1 | . 1 . . . . . Indirectly . | . . . . . . . Trap Hack Attempts . | . . . . . . . Triggered . | . . . . . . . Disarmed . | . . . . . . . Reprogrammed . | . . . . . . . Reused . | . . . . . . . Traps Extracted . | . . . . . . . Installed . | . . . . . . . Triggered . | . . . . . . . Machines | -11 -10 -10 -9 -9 -9 -8 ---------- Run | Yrd Mat Min Mat Min Exi Min Machines Disabled 8 | . . 1 . . 7 . Max in Single Turn 2 | . . . . . 2 . Machines Repaired . | . . . . . . . Machines Dismantled . | . . . . . . . Machines Sabotaged . | . . . . . . . Overloaded Fab Kills . | . . . . . . . Hacking | -11 -10 -10 -9 -9 -9 -8 --------- Run | Yrd Mat Min Mat Min Exi Min Machines Accessed 20 | . 7 . 10 1 2 . Terminals 12 | . 5 . 7 . . . Fabricators . | . . . . . . . Repair Stations . | . . . . . . . Recycling Units 4 | . 2 . 2 . . . Scanalyzers 1 | . . . 1 . . . Garrison Access . | . . . . . . . Total Hacks 52 | . 21 . 28 1 2 . Successful 31 | . 12 . 16 1 2 . Failed 20 | . 9 . 11 . . . Catastrophic 2 | . 1 . 1 . . . Database Lockouts 1 | . . . 1 . . . Manual 35 | . 16 . 18 . 1 . Terminals 37 | . 16 . 21 . . . Fabricators . | . . . . . . . Repair Stations . | . . . . . . . Recycling Units 10 | . 5 . 5 . . . Scanalyzers 2 | . . . 2 . . . Garrison Access . | . . . . . . . Terminal Hacks 11 | . 4 . 4 1 2 . Record 2 | . . . 1 . 1 . Prototype ID Bank 1 | . . . 1 . . . Open Door 1 | . . . . 1 . . Registered Components 1 | . 1 . . . . . Zone Layout 5 | . 3 . 2 . . . Proto ID Catalog 1 | . . . . . 1 . Fabricator Hacks . | . . . . . . . Repair Station Hacks . | . . . . . . . Recycling Unit Hacks 4 | . 2 . 2 . . . Retrieve Components 4 | . 2 . 2 . . . Scanalyzer 1 | . . . 1 . . . Retrieve Study 1 | . . . 1 . . . Garrison Access Hacks . | . . . . . . . Unauthorized Hacks 15 | . 6 . 9 . . . Terminals 12 | . 5 . 7 . . . Botnet 1 | . . . 1 . . . Operators 1 | . . . 1 . . . Skim 10 | . 5 . 5 . . . Fabricators . | . . . . . . . Repair Stations . | . . . . . . . Recycling Units 3 | . 1 . 2 . . . Tunnel 3 | . 1 . 2 . . . Scanalyzers . | . . . . . . . Garrison Access . | . . . . . . . Data Cores Recovered 1 | . 1 . . . . . Used . | . . . . . . . Hacking Detections 12 | . 4 . 8 . . . Full Trace Events . | . . . . . . . Feedback Events . | . . . . . . . Feedback Blocked . | . . . . . . . Robot Schematics Acquired . | . . . . . . . Robots Built . | . . . . . . . Authchips . | . . . . . . . Time . | . . . . . . . Total Robot Build Rating . | . . . . . . . Part Schematics Acquired . | . . . . . . . Parts Built . | . . . . . . . Authchips . | . . . . . . . Time . | . . . . . . . Total Part Build Rating . | . . . . . . . Part Studies Acquired 1 | . . . 1 . . . Parts Repaired . | . . . . . . . Time . | . . . . . . . Parts Recycled . | . . . . . . . Recycled Matter . | . . . . . . . Retrieved Matter . | . . . . . . . Retrieved Components 12 | . 2 . 10 . . . Parts Scanalyzed . | . . . . . . . Part Schematics Acquired . | . . . . . . . Parts Damaged . | . . . . . . . Bothacking | -11 -10 -10 -9 -9 -9 -8 ------------ Run | Yrd Mat Min Mat Min Exi Min Used RIF Installer . | . . . . . . . Robots Hacked . | . . . . . . . Non-combat . | . . . . . . . Combat . | . . . . . . . Robot Hacks Applied . | . . . . . . . Relay Couplers Released . | . . . . . . . Fabnet Peak Effective % . | . . . . . . . Robots Rewired . | . . . . . . . Allies Hacked . | . . . . . . . Hacks Repelled . | . . . . . . . Allies | -11 -10 -10 -9 -9 -9 -8 -------- Run | Yrd Mat Min Mat Min Exi Min Total Allies 3 | . . 3 . . . . Largest Group 3 | . . 3 3 . . . Highest-Rated Group 73 | . . 73 73 . . . Highest-Rated Ally 31 | . . 31 31 . . . Total Orders . | . . . . . . . Ally Attacks 54 | . . 6 48 . . . Total Damage 949 | . . 239 710 . . . Kills 17 | . . 1 16 . . . Allies Corrupted . | . . . . . . . Allies Melted . | . . . . . . . Intel | -11 -10 -10 -9 -9 -9 -8 ------- Run | Yrd Mat Min Mat Min Exi Min Active Infowar (turns) 261 | 16 244 1 . . . . Sensors 1 | . . 1 . . . . Seismic 260 | 16 244 . . . . . Robot Analysis Total . | . . . . . . . Derelict Logs Recovered 4 | . . 2 . 2 . . Drone Launches . | . . . . . . . Drone Recoveries . | . . . . . . . Exploration | -11 -10 -10 -9 -9 -9 -8 ------------- Run | Yrd Mat Min Mat Min Exi Min Turns Passed 7340 | 191 1027 767 1291 821 3051 192 Spaces Moved 3358 | 90 546 456 629 449 1031 157 Core 18 | 18 . . . . . . Treads 3043 | 72 546 456 629 449 891 . Legs 297 | . . . . . 140 157 Wheels . | . . . . . . . Hover . | . . . . . . . Flight . | . . . . . . . Fastest Speed 50 | 50 160 160 160 160 120 120 Average Speed 156 | 138 160 160 160 160 154 120 Slowest Speed 200 | 160 160 160 200 160 200 120 Overloaded Moves . | . . . . . . . Propulsion Burnouts . | . . . . . . . Robots Hopped . | . . . . . . . Potential Cave-ins . | . . . . . . . Cave-ins Triggered . | . . . . . . . Exploration Rate (%) 65 | 5 91 97 61 93 70 44 Regions Visited 6 Branch Regions 4 Pre-discovered Areas 7 | . 1 . 4 1 1 . Known Exits Taken 3 | . . 1 1 . 1 . Unknown Exits Taken 3 | 1 1 . . 1 . . Scrap Searched 5 | . . 2 . 2 . 1 Spaces Dug . | . . . . . . . Terrain Destroyed 75 | 8 17 . 12 . 38 . Melee . | . . . . . . . Projectile . | . . . . . . . AOE 75 | 8 17 . 12 . 38 . Terrain Rammed . | . . . . . . . Walls Destroyed . | . . . . . . . Machines Disabled . | . . . . . . . Actions | -11 -10 -10 -9 -9 -9 -8 --------- Run | Yrd Mat Min Mat Min Exi Min Total 5105 | 125 636 481 778 483 2444 158 Wait 1361 | . 15 7 26 . 1313 . Move 3352 | 89 545 455 628 448 1030 157 Hop . | . . . . . . . Pick Up 73 | 12 22 2 15 . 22 . Fast Attach 7 | . 2 1 2 1 1 . Attach 24 | 7 2 . 9 . 6 . Detach 1 | . . . . . 1 . Swap 23 | . 1 4 6 . 12 . Drop 48 | 1 14 5 10 . 18 . Fire 197 | 16 35 7 82 34 22 1 Melee 19 | . . . . . 19 . Ram . | . . . . . . . Kick . | . . . . . . . Crush . | . . . . . . . Escape Stasis . | . . . . . . . Rewire . | . . . . . . . Trap . | . . . . . . . Miscellaneous . | . . . . . . . Route ------- -11/Scrapyard -10/Materials (discovered 5 exits: *Mat x3 / [*Min] / *Sub) -10/Mines (discovered 2 exits: *Mat x2) -9/Materials (discovered 4 exits: *Mat x3 / *Min) -9/Mines (discovered 3 exits: *Mat x2 / *Exi) -9/Exiles (discovered 2 exits: *Min x2) -8/Mines History --------- Turn | Location | Event 15 | -11/Scrapyard | Discovered new exit (range 14) 192 | -11/Scrapyard | Entered Materials 311 | -10/Materials | Build established: Mutant 336 | -10/Materials | Discovered new exit (range 6) 474 | -10/Materials | Discovered new exit (range 14) 831 | -10/Materials | Learned 4 Subcaves zone layouts 868 | -10/Materials | Learned 4 Subcaves zone layouts 872 | -10/Materials | Discovered new exit (range 9) 896 | -10/Materials | Learned location of 1 exit from Recycling 916 | -10/Materials | Learned location of 2 exits from Subcaves 928 | -10/Materials | Identified exit to Materials 928 | -10/Materials | Identified exit to Subcaves 929 | -10/Materials | Loaded intel: 2 recycling unit locations 930 | -10/Materials | Learned Storage trap positions 931 | -10/Materials | Learned location of 1 exit from Recycling 944 | -10/Materials | Learned 2 Storage zone layouts 1219 | -10/Materials | Entered Mines 1229 | -10/Mines | Discovered exit to Materials (range 16) 1250 | -10/Mines | Joined a pair of Derelicts in attacking an 0b10 outpost 1303 | -10/Mines | Found a damaged Exp. Sensor Array with a note attached 1314 | -10/Mines | Found Prototype Device 1314 | -10/Mines | Identified Exp. Sensor Array 1432 | -10/Mines | Learned Materials interactive machine intel 1630 | -10/Mines | Learned Materials non-interactive machine intel 1654 | -10/Mines | Discovered exit to Materials (range 16) 1669 | -10/Mines | Received a Rocket Launcher from a helpful Derelict 1702 | -10/Mines | Received a Mining Laser from a helpful Derelict 1986 | -10/Mines | Entered Materials 1986 | -9/Materials | Accompanied by 3 allies 1986 | -9/Materials | Evolved 2 slots: Utility x2 1987 | -9/Materials | Identified exit to Mines 1988 | -9/Materials | Loaded intel: 48 non-interactive machine locations 1989 | -9/Materials | Loaded intel: 17 interactive machine locations 1991 | -9/Materials | Led the pair of lost Derelicts to an unsafe place 2124 | -9/Materials | Learned location of Mines (-9) 2297 | -9/Materials | Learned Storage security intel 2338 | -9/Materials | Identified exit to Materials 2386 | -9/Materials | Central database locked down 2387 | -9/Materials | Learned location of 3 exits from Materials 2605 | -9/Materials | Lost 3 parts (1u2w) 2715 | -9/Materials | Build established: Scavenger-Mutant 3277 | -9/Materials | Entered Mines 3377 | -9/Mines | Learned Materials interactive machine intel 3557 | -9/Mines | Build established: Mutant 3680 | -9/Mines | Assembled infested the area 3740 | -9/Mines | Met a Derelict shopkeep closing up shop 3974 | -9/Mines | Core integrity fell below 50% 4063 | -9/Mines | Deemed a non-threat by the Exiles lab entrance 4063 | -9/Mines | Discovered new exit (range 5) 4098 | -9/Mines | Entered Exiles 4099 | -9/Exiles | Identified exit to Mines 4138 | -9/Exiles | Met 8R-AWN 4164 | -9/Exiles | Met EX-HEX 4239 | -9/Exiles | Met EX-DEC 4265 | -9/Exiles | Learned location of Zion (-6) 4475 | -9/Exiles | Met EX-BIN 4631 | -9/Exiles | Aligned with FarCom system 4633 | -9/Exiles | Given EX-Vault access code 4671 | -9/Exiles | Opened EX-Vault 4681 | -9/Exiles | Found Deploy-a-Sentry 4683 | -9/Exiles | Found Deploy-a-Sentry 4686 | -9/Exiles | Found Deploy-a-Sentry 4689 | -9/Exiles | Found Chronowheel 4697 | -9/Exiles | Found Longsword +1 4733 | -9/Exiles | Warned to stay clear of 0b10 Research branches 5213 | -9/Exiles | Attacked by the Exiles 5307 | -9/Exiles | Core integrity fell below 20% 5370 | -9/Exiles | Found Prototype Ballistic Gun 5374 | -9/Exiles | Found Prototype Ballistic Gun 5377 | -9/Exiles | Found Prototype Device 5377 | -9/Exiles | Identified AS-neutralizer No. 17b 5378 | -9/Exiles | Identified 8R-AWN's Boregun (x2) 6830 | -9/Exiles | Discovered exit to Mines (range 14) 7122 | -9/Exiles | Destroyed 8R-AWN 7136 | -9/Exiles | Found Prototype Processor 7149 | -9/Exiles | Stole three prototypes: Chronowheel, Longsword +1, Deploy-a-Sentry 7149 | -9/Exiles | Entered Mines 7341 | -8/Mines | Destroyed by H-55 Commando with Gauss Rifle Last Messages --------------- 07020_ Extracted 35 matter. 07122_ 8R-AWN destroyed. 07127_ Acquired 9 matter. 07132_ Dropped Hvy. Assault Rifle. 07134_ Acquired 10 matter. 07136_ Acquired Prototype Processor. 07139_ Dropped Lgt. Treads+. 07140_ Acquired Prototype Device. LOCATION=MINES GOAL=ESCAPE 07150_ K-01 Serf collects debris. 07222_ T-07 Excavator is excavating. 07261_ Penetrated by Slug. 07267_ Slug penetrates Wall. 07336_ Searching scrap... 07336_ Found ECM Suite. 07336_ Found 47 Matter. 07337_ Acquired 6 matter. 07338_ Drone sends a signal. 07338_ H-55 Commando retrieves Drone. Map ----- +----------------------------------------------------+ | ????????## #?????? #????????? | | ?????????## #????????????????? | | ??????????# ##????????????????? | | ??????????# ##?????????????????? | | ?????###### #????????????????# | | ?????# #???????????????# | | ?????# #???????????????? | | ?????# ######???????????????? | | ?????# #?????????????????????? ? | | ?????# ###### ?????????? | | ?????# ?????????? | | ?????# ##### ?????????? | | ?????# #???????????????????????? | | ????## #???????????????????????? | | ???## #???????????????????????? | | ???# ##??????????????????????? | | ???# ###????????????????????? | | ???## #????????????????????? | | ????## #????????????????????? | | ?????# #????????????????????? | | ?????# ##????????????????????? | | ?????## ##?????????????????????? | | ??????# %#??????????????????????? | | ??????# !#??????????????????????? | | ??????# #??????????????????????? | | ??????# @#??????????????????????? | | ??????# #??????????????????????? | | ??????# t#??????????????????????? | | ??????# #??????????????????????? | | ??????# #??????????????????????# | | ??????# #??????????????????????# | | ??????# #??????????????????????# | | ??????# ??????????????????????? | | ?????? "??????????????????????? | | ?????? "??????????????????????? | | ?????? "??????????????????????? | | ?????? ???????????????????????? | | ?????? ???????????????????????? | | ????? ???????????????????????? | | ????? ???????????????????????? | | ?????? #???????????????????????? | | ????????????????????????????????? | | ????????????????????????????????? | | ????????????????????????????????? | | ????????????????????????????????? | | ????????????????????????????????? | | ????????????????????????????????? | | ????????????????????????????????? | | ????????????????????????????????? | | ????????????????????????????????? | +----------------------------------------------------+ Best States ------------- Heat Dissipation 28 Energy Generation 12 Energy Capacity 265 Matter Stores 300 Matter Capacity 300 Sight Range 16 Terrain Scan Density 10 Armor Coverage 225 Evasion (%) 55 Targeting Accuracy 6 Recoil Reduction 2 Offensive Hacking 10 Trap Extractor Capacity 8 Item Schematics ----------------- None Robot Schematics ------------------ None Fabricated ------------ Nothing Repaired ---------- Nothing Studied --------- Lgt. Treads | -9/Materials | Hacked Alien Tech Used ----------------- None Achievements -------------- None Challenges ------------ None Game ------ Seed HackingCoordinationGuard Manual? 0 Play Time 00:29:35 Cumulative 462.3 hours Start 2025.11.03 @ 06:51:13 End 2025.11.03 @ 07:24:00 Sessions 1 Manual Loads 0 Difficulty Rogue Special Mode None Game No. 580 Rogue 580 Adventurer 0 Explorer 0 Win Type - Total 14 Types 6/0/2/2/1/0/2/1/0/0 Lore% 90 Gallery% 85 Achievement% 62 Wizard Run 0 Options --------- Layout 0 ASCII 0 Keyboard 0 Movement Mouse Keybinds 0 Fullscreen 1 Font 24/Terminus Map View 76x50 Zoom Use 0% Tactical HUD 1 Map Filters NONE Filters NONE Steam 1 RUN: 159a0ab2-26f9-44c1-a749-f5116b23269d